 Dungeon Crawl Stone Soup version 0.20-a0-784-g7d8ffb2 (webtiles) character file.

753 Dipster the Carver (level 7, -10/41 HPs)
             Began as a Tengu Fighter on Feb 27, 2017.
             Mangled by an orc warrior
             ... wielding a +2 battleaxe of electrocution
              (18 damage)
             ... on level 4 of the Dungeon.
             The game lasted 00:09:53 (5996 turns).

Dipster the Carver (Tengu Fighter)                  Turns: 5996, Time: 00:09:53

Health: -10/41     AC: 11    Str: 17    XL:     7   Next: 79%
Magic:  8/8        EV:  5    Int:  8    God:
Gold:   251        SH:  0    Dex: 15    Spells: 6/6 levels left

rFire    . . .     SeeInvis .   a - +1 long sword
rCold    . . .     Gourm    .   e - +0 plate armour
rNeg     . . .     Faith    .   (no shield)
rPois    .         Spirit   .   (helmet restricted)
rElec    .         Reflect  .   (no cloak)
rCorr    .         Harm     .   (no gloves)
MR       .....                  (boots unavailable)
Stlth    ..........             D - amulet of inaccuracy (curse)
Regen    0.2/turn               (no ring)
MPRegen  0.2/turn               n - ring of stealth

@: no status effects
A: beak, talons 3, able to fly 1
a: Fly


You were on level 4 of the Dungeon.
You were hungry.

You visited 1 branch of the dungeon, and saw 4 of its levels.
You also visited: Sewer.

You collected 251 gold pieces.

Inventory:

Hand Weapons
 a - a +1 long sword (weapon)
 r - a +0 falchion
Missiles
 s - 3 javelins (quivered)
 v - 40 sling bullets
 y - 11 poisoned needles
Armour
 b - a +0 scale mail
 c - a +0 shield
 e - a +0 plate armour (worn)
Magical Staves
 E - an uncursed staff of earth {unknown}
Jewellery
 n - a ring of stealth (left hand)
 D - a cursed amulet of inaccuracy (around neck)
Wands
 p - a wand of paralysis (7/24)
 w - a wand of scattershot (1/9)
Scrolls
 h - 3 scrolls of fear {unknown}
 i - a scroll of fog
 l - 2 scrolls of identify
 m - a scroll of enchant weapon
 o - 2 scrolls of teleportation
 B - 3 scrolls of remove curse {unknown}
 C - a scroll of immolation {unknown}
 F - a scroll of recharging {unknown}
Potions
 q - a potion of mutation {unknown}
 u - 2 potions of heal wounds
 x - 2 potions of curing
 z - 2 potions of degeneration {unknown}
 A - a potion of invisibility {unknown}
Miscellaneous
 d - a lamp of fire (inert)
Comestibles
 f - 6 bread rations
 g - 4 royal jellies
 j - 5 fruits
 t - 5 meat rations


   Skills:
 - Level 3.0 Fighting
 + Level 9.4 Long Blades
 - Level 3.2 Armour
 - Level 3.0 Shields


You had 6 spell levels left.
You didn't know any spells.

Dungeon Overview and Level Annotations

Branches:
Dungeon (4/15)
 Temple: D:4-7

Altars:

Shops:
D:4 [


Innate Abilities, Weirdness & Mutations

You have a beak for a mouth.
You have claws for feet.
You can fly.


Message History

The burst of metal fragments hits the orc warrior. x3
Evoking this partially-identified wand wasted a few charges.
Evoke which item? (* to show all) (? for menu, Esc to quit)
Aim the lamp in which direction?
Press: ? - help, Dir - move target cursor, f/p - orc warrior
Aim: an orc warrior, wielding a battleaxe of electrocution and wearing a plate armour The flames dance!
The trail of fire misses the orc warrior.
The trail of fire hits the orc wizard.
The orc wizard is moderately wounded.
The trail of fire hits the orc wizard.
The orc wizard is heavily wounded.
The orc wizard is engulfed in blazing flames.
You kill the orc wizard!
The orc warrior is engulfed in blazing flames.
The orc warrior hits you with a battleaxe of electrocution!!
Ouch! That really hurt!
* * * LOW HITPOINT WARNING * * *
You are electrocuted!
You die...

.......# #.# #.#
##.# #.# ######.#
#.# #o# #.###.#
#.# #.# #§#
#..##)#
######.###.# #§#
##.##)#####
...........# #§#
#.##......
######)#########§#
#..#..####
####∩..........#§#
##.#..#
#..#.#.#######.#o#
#.#..#
#..#.#.#.......#@#
#.#..#
#).#.#.#.......#.#
#....#
#..#.#.#######.#.#
##...#
#....#.#.........#
#...#
##.###.#.#####.###
#...# ##.# #.#.#
#.# ##..# ##.#
#.#.# #.# #..#
##.###.#.# #.#
#..# .....#.#.#
#.# .>#


You could see an orc warrior and an orc wizard.

Vanquished Creatures
  Purgy (Sewer)
  2 scorpions (D:3)
  2 orc priests (D:2)
  Jessica (D:2)
  6 orc wizards
  Natasha (thrice) (D:2)
  Terence (D:2)
  9 adders
  An ooze (D:2)
  An adder skeleton (D:4)
  A worm (D:2)
  2 dart slugs
  6 leopard geckos
  15 orcs
  3 giant cockroaches
  3 goblins
  10 hobgoblins
  14 jackals
  A quokka (D:4)
  3 ball pythons
  5 bats
  4 frilled lizards
  10 kobolds
  9 rats
113 creatures vanquished.

Vanquished Creatures (others)
  2 plants (D:4)
2 creatures vanquished.

Grand Total: 115 creatures vanquished

Notes
Turn   | Place    | Note
-------+----------+-------------------------------------------
     0 | D:1      | Dipster the Tengu Fighter began the quest for the Orb.
     0 | D:1      | Reached XP level 1. HP: 14/14 MP: 2/2
    97 | D:1      | Reached XP level 2. HP: 19/19 MP: 3/3
   109 | D:1      | Reached skill level 3 in Long Blades
   236 | D:1      | Reached XP level 3. HP: 19/23 MP: 4/4
   607 | D:2      | Noticed Jessica
   614 | D:2      | Reached skill level 4 in Long Blades
   628 | D:2      | Killed Jessica
   628 | D:2      | Reached XP level 4. HP: 7/28 MP: 5/5
  1284 | D:2      | Noticed Natasha
  1295 | D:2      | Killed Natasha
  1295 | D:2      | Reached skill level 5 in Long Blades
  1645 | D:2      | Noticed Natasha
  1659 | D:2      | Killed Natasha
  1659 | D:2      | Gained mutation: You can fly. [Tengu growth]
  1659 | D:2      | Reached XP level 5. HP: 4/32 MP: 6/6
  2205 | D:2      | Noticed Terence
  2224 | D:2      | Killed Terence
  2224 | D:2      | Reached skill level 6 in Long Blades
  2348 | D:2      | Noticed Natasha
  2357 | D:2      | Killed Natasha
  2755 | D:2      | Reached XP level 6. HP: 35/37 MP: 7/7
  3229 | D:2      | Reached skill level 7 in Long Blades
  3829 | D:3      | Reached skill level 8 in Long Blades
  3829 | D:3      | Reached XP level 7. HP: 29/41 MP: 8/8
  4806 | D:4      | Found Echyngir's Armour Emporium.
  5029 | D:4      | Found a glowing drain.
  5048 | Sewer    | Entered a sewer
  5102 | Sewer    | Noticed Purgy
  5130 | Sewer    | Killed Purgy
  5344 | D:4      | Reached skill level 9 in Long Blades
  5996 | D:4      | Mangled by an orc warrior

Vault maps used:
D:1:      dpeg_arrival_simpleton_a
D:2:      uniq_terence, uniq_jessica, uniq_natasha
D:3:      first_bread, minmay_quantized
D:4:      fedhas_altar_1, gup_sewer_entry_bubbles, serial_shops, shop
Sewer:    sewer_the_crocodile

Skill      XL: |  1  2  3  4  5  6  7 |
---------------+----------------------+-----
Long Blades    | 3 4 5 6 8 9 |  9.4
Fighting       | |  3.0
Armour         | |  3.2
Shields        | |  3.0

Action                   |  1- 3 |  4- 6 |  7- 9 || total
-------------------------+-------+-------+-------++-------
Melee: Long sword        |    65 |   200 |   148 ||   413
       Peck              |    10 |    43 |    21 ||    74
       Kick              |    17 |    55 |    43 ||   115
Evoke: Wand              |       |       |     3 ||     3
       Lamp of fire      |       |       |     1 ||     1
  Use: Potion            |       |     2 |     2 ||     4
       Scroll            |       |       |     4 ||     4
  Eat: Chunk             |       |    10 |     6 ||    16
Armor: Scale mail        |     8 |       |       ||     8
       Plate armour      |    40 |   147 |   114 ||   301
Dodge: Dodged            |    26 |    57 |    46 ||   129
Block: Shield            |     1 |       |       ||     1
       Rpst.: Long sword |     6 |    16 |    15 ||    37
